 Dungeon Crawl Stone Soup version 0.29.1-15-g9cfb28693d (webtiles) character file.

Game seed: 13565713499487178596

43 booth the Firebug (level 3, -11/24 HPs)
             Began as a Demonspawn Fire Elementalist on Mar 8, 2023.
             Mangled by a polar bear (15 damage)
             ... created by the rage of Trog
             ... on level 2 of the Dungeon.
             The game lasted 00:08:24 (1588 turns).

booth the Firebug (Demonspawn Fire Elementalist)    Turns: 1588, Time: 00:08:25

Health: -11/24     AC:  5    Str:  8    XL:     3   Next: 37%
Magic:  5/6        EV: 12    Int: 18    God:
Gold:   54         SH:  0    Dex: 13    Spells: 5/6 levels left

rFire   + . .      SeeInvis .   c - +0 short sword
rCold   + . .      Faith    .   (no shield)
rNeg    . . .      Spirit   .   a - +1 robe
rPois   +          Reflect  .   (no helmet)
rElec   +          Harm     .   (no cloak)
rCorr   +          Rampage  .   (no gloves)
Will    .....                   (no boots)
Stlth   ++........              (no amulet)
HPRegen 0.08/turn               (no ring)
MPRegen 0.10/turn               (no ring)

@: about to teleport, resistant
A: yellow scales 1, demonic guardian 1
a: no special abilities


You were on level 2 of the Dungeon.
You visited 1 branch of the dungeon, and saw 2 of its levels.

You collected 54 gold pieces.

Inventory:

Hand Weapons
 c - a +0 short sword (weapon)
Armour
 a - a +1 robe (worn)
 d - a +0 leather armour
Potions
 b - a potion of magic
 j - a potion of mutation {unknown}
 k - a potion of cancellation {unknown}


   Skills:
 + Level 2.3 Dodging
 + Level 2.4 Stealth
 - Level 2.2 Spellcasting
 - Level 1.6 Conjurations
 - Level 2.9 Fire Magic


You had 5 spell levels left.
You knew the following spells:

 Your Spells              Type           Power      Damage    Failure   Level
a - Foxfire               Conj/Fire      40%        2x1d6     7%          1

Your spell library contained the following spells:

 Spells                   Type           Power      Damage    Failure   Level
 Scorch                   Fire           24%        2d6       8%          2
 Conjure Flame            Conj/Fire      10%        6-21      21%         3
 Inner Flame              Hex/Fire       7%         N/A       28%         3
 Flame Wave               Conj/Fire      10%        2d6       56%         4


Dungeon Overview and Level Annotations

Branches:
Dungeon (2/15)

Altars:
Trog


Innate Abilities, Weirdness & Mutations

You are partially covered in yellow scales. (AC +2)
A weak demonic guardian rushes to your aid.


Message History

The foxfire hits the polar bear but does no damage.
The foxfire hits the polar bear.
The polar bear is lightly wounded.
The polar bear attacks as you move away!
The polar bear bites you. The polar bear barely misses you.
The polar bear claws you but does no damage.
The bat closely misses you.
The polar bear rages.
The hobgoblin shouts!
The bat hits you but does no damage. The polar bear barely misses you.
The polar bear claws you. The polar bear closely misses you.
The polar bear barely misses you.
The polar bear claws you but does no damage.
The polar bear misses you.
The black bear rages.
The bat hits you but does no damage.
The polar bear rages.
You hear a bark!
The black bear attacks as you move away!
The black bear barely misses you. The black bear claws you. x2
The black bear rages.
As you read the scroll labelled BAISMI KAGGO, it crumbles to dust.
You feel strangely unstable.
It was a scroll of teleportation.
The polar bear misses you. The polar bear claws you.
The polar bear barely misses you.
You hear a bark!
It was a potion of resistance.
You feel protected. The polar bear completely misses you.
The polar bear claws you.
* * * LOW HITPOINT WARNING * * *
The polar bear claws you but does no damage.
The polar bear bites you but does no damage.
The polar bear claws you.
* * * LOW HITPOINT WARNING * * *
A demonic guardian appears!
The polar bear closely misses you.
Unknown command.
The polar bear attacks as you move away!
The polar bear bites you!
Ouch! That really hurt!
You die...

..........
####.$.......#
.............#
.$..........#
######..........#
#.........b..?..
#####.........$.....
.......###.....#########
.......# #...bhh@.5.....
.......# ###############
.......# .......#
.......# .......#
.......# ##+#.#.# #.#.#


You could see a polar bear (berserk, ally target), a black bear (berserk), a bat
and a friendly ufetubus (summoned).

Vanquished Creatures
  An adder (D:2)
  A dart slug (D:1)
  7 bats
  6 endoplasms (D:1)
  A giant cockroach (D:1)
  2 goblins (D:1)
  3 hobgoblins (D:1)
  A kobold (D:1)
  A quokka (D:1)
  2 ball pythons (D:1)
  A frilled lizard (D:1)
  6 rats (D:1)
32 creatures vanquished.

Vanquished Creatures (others)
  62 foxfires
62 creatures vanquished.

Grand Total: 94 creatures vanquished

Notes
Turn   | Place    | Note
-------+----------+-------------------------------------------
     0 | D:1      | booth the Demonspawn Fire Elementalist began the quest for
                  | the Orb.
     0 | D:1      | Reached XP level 1. HP: 13/13 MP: 3/3
   545 | D:1      | Gained mutation: You are partially covered in yellow
                  | scales. (AC +2) [demonic ancestry]
   545 | D:1      | Reached XP level 2. HP: 18/19 MP: 1/5
  1036 | D:1      | Gained mutation: A weak demonic guardian rushes to your
                  | aid. [demonic ancestry]
  1036 | D:1      | Reached XP level 3. HP: 24/24 MP: 6/6
  1167 | D:1      | Found a faded altar of an unknown god.
  1175 | D:1      | Prayed at the altar of an unknown god.
  1175 | D:1      | Became a worshipper of Trog the Wrathful
  1175 | D:1      | Reached * piety under Trog
  1176 | D:1      | Fell from the grace of Trog
  1581 | D:2      | Noticed a black bear
  1581 | D:2      | Noticed a polar bear
  1581 | D:2      | Noticed a polar bear
  1581 | D:2      | Noticed a black bear
  1588 | D:2      | Mangled by a polar bear

Illustrated notes

Levels and vault maps discovered:
D:1:      sevenhm_arrival_forest_fort_small_3, layout_basic,
          shapermc_ecumenical_altar_venn, minmay_misc_feat_tower
D:2:      layout_basic, minmay_tree_intersection, uniq_natasha

Skill      XL: |  1  2 |
---------------+-------+-----
Stealth        | 2 |  2.4
Dodging        | 2 |  2.3
Spellcasting   | |  2.2
Conjurations   | |  1.6
Fire Magic     | |  2.9

Action                   || total
-------------------------++-------
Melee: Short sword       ||    35
       Unarmed           ||     2
 Cast: Foxfire           ||    34
Invok: Renounce Religion ||     1
  Use: Scroll            ||     6
       Potion            ||     1
 Stab: Sleeping          ||     1
Armor: Robe              ||    19
Dodge: Dodged            ||    45
